 Dungeon Crawl Stone Soup version 0.19-a0-1170-g18f0c96 (webtiles) character file.

2434 4thArraOfDagon the Grappler (level 9, -3/75 HPs)
             Began as a Troll Artificer on Aug 16, 2016.
             Was a Follower of Uskayaw.
             Slain by an orc
             ... wielding a +0 hand axe
              (7 damage)
             ... on level 9 of the Dungeon.
             The game lasted 00:10:31 (1963 turns).

4thArraOfDagon the Grappler (Troll Artificer)       Turns: 1963, Time: 00:10:31

Health: -3/75      AC:  6    Str: 22    XL:     9   Next: 24%
Magic:  9/9        EV: 10    Int: 10    God:    Uskayaw [*.....]
Gold:   265        SH:  0    Dex: 14    Spells: 0 memorised, 8 levels left

rFire  . . .     SeeInvis .       - Unarmed
rCold  . . .     Gourm    +     b - +0 robe
rNeg   . . .     Faith    .     (no shield)
rPois  .         Spirit   .     (helmet restricted)
rElec  .         Dismiss  .     v - +0 cloak
rCorr  .         Reflect  .     (gloves unavailable)
MR     .....     Harm     .     (boots unavailable)
Stlth  +.........               (no amulet)
                                (no ring)
                                w - +4 ring of dexterity

@: flying, very slightly contaminated
A: unfitting armour, claws 3, fast metabolism 3, gourmand, regeneration 2,
shaggy fur 1, tough skin 2
a: Stomp, Renounce Religion


You were on level 9 of the Dungeon.
You worshipped Uskayaw.
Uskayaw was noncommittal.
You were full.

You visited 1 branch of the dungeon, and saw 9 of its levels.

You collected 265 gold pieces.

Inventory:

Hand Weapons
 a - a +0 short sword
Missiles
 j - 7 curare-tipped needles
 y - 7 steel javelins (quivered)
Armour
 b - a +0 robe (worn)
 v - a +0 cloak (worn)
 z - a troll hide
Jewellery
 w - a +4 ring of dexterity (left claw)
Wands
 c - a wand of flame (15/48)
 d - a wand of enslavement (2/24)
 e - a wand of random effects (14/48)
 g - a wand of disintegration (10/24)
Scrolls
 n - 2 scrolls of teleportation
 t - a scroll of blinking
 u - 2 scrolls of remove curse
Potions
 h - 3 potions of degeneration {unknown}
 k - a potion of beneficial mutation {unknown}
 l - a potion of invisibility
 m - 2 potions of might {unknown}
 o - a potion of lignification {unknown}
 r - a potion of brilliance {unknown}
 s - 3 potions of curing
Comestibles
 f - 5 bread rations
 i - 2 meat rations


   Skills:
 - Level 0.7 Fighting
 - Level 0.7 Short Blades
 - Level 1.5 Dodging
 - Level 0.4 Stealth
 * Level 12.1 Unarmed Combat
 - Level 2.1 Evocations


You had 8 spell levels left.
You didn't know any spells.

Dungeon Overview and Level Annotations

Branches:
Dungeon (9/15)
 Temple: D:4-7         Lair: D:8-11         Orc: D:9-12

Altars:
Ashenzari
Dithmenos
Qazlal
Trog
Uskayaw
Zin

Shops:
D:9 :

Portals:
Bailey: D:9

Annotations:
D:8 Erica


Innate Abilities, Weirdness & Mutations

You are too large for most types of armour.
You have claws for hands.
Your metabolism is lightning-fast.
You like to eat raw meat.
You heal very quickly.
You are covered in fur. (AC +1)
You have very tough skin. (AC +2)


Message History

The magic dart hits you!
* * * LOW HITPOINT WARNING * * *
The orc hits you with a hand axe!
* * * LOW HITPOINT WARNING * * *
Unknown command.
You closely miss the orc. You claw the orc.
The orc is heavily wounded.
The orc hits you with a hand axe.
* * * LOW HITPOINT WARNING * * *
Unknown command.
Unknown command.
The orc wizard points at you and mumbles some strange words.
The magic dart hits you!
* * * LOW HITPOINT WARNING * * *
The orc hits you with a hand axe.
* * * LOW HITPOINT WARNING * * *
Unknown command.
Unknown command.
The orc hits you with a hand axe!
You die...

#.......####.. #.......##..#
#.......#..### ### #..>..........
.. #........######'### #...)...##
#.#...# #.......# #.▓▓▓.#
#####..##.# #.▓)▓.# ###
####@.#...# #.▓▓▓.#.# ##.#
######...o...### #.# ..#.#
...#####......#.#########.#.▓▓▓.#
###....<<#####..........#.#.▓)▓%#
....###### ##o..#########.#.▓▓▓.#
........####..### #.#n..#
........##....### #.▓▓▓.#
.......o).......# #.▓)▓.#
...........####.## #.▓▓▓.#


You could see an orc wizard and an orc.

Vanquished Creatures
  A troll (D:9)
  2 ice beasts
  A sky beast (D:7)
  Duvessa (D:6)
  An orc warrior (D:8)
  A black bear (D:7)
  A necrophage (D:9)
  An ogre (D:9)
  A centaur (D:7)
  A big kobold (D:9)
  3 giant frogs
  Dowan (D:6)
  A scorpion (D:7)
  A howler monkey (D:9)
  A crimson imp (D:9)
  A quasit (D:9)
  3 hounds
  2 jellies
  A centaur skeleton (D:6)
  3 orc priests
  2 giant frog skeletons
  6 orc wizards
  2 worker ants (D:4)
  2 adders
  A shadow imp (D:9)
  An adder skeleton (D:7)
  A worm (D:3)
  A dart slug (D:1)
  A giant gecko (D:2)
  19 orcs
  A bat (D:3)
  A giant cockroach (D:2)
  4 goblins
  A hobgoblin (D:2)
  4 jackals (D:5)
  5 quokkas
  A ball python (D:4)
  6 kobolds
  A quokka skeleton (D:6)
  A quokka zombie (D:8)
  A fungus (D:1)
90 creatures vanquished.

Vanquished Creatures (collateral kills)
  Joseph (D:9)
  An orc priest (D:6)
  2 orcs (D:9)
4 creatures vanquished.

Vanquished Creatures (others)
  A hungry ghost (D:7)
  An orc warrior (D:9)
  An ogre (D:6)
3 creatures vanquished.

Grand Total: 97 creatures vanquished

Notes
Turn   | Place    | Note
-------+----------+-------------------------------------------
     0 | D:1      | 4thArraOfDagon the Troll Artificer began the quest for the Orb.
     0 | D:1      | Reached XP level 1. HP: 18/18 MP: 1/1
    39 | D:1      | Reached skill level 1 in Unarmed Combat
    87 | D:2      | Reached XP level 2. HP: 15/26 MP: 2/2
   111 | D:1      | Reached skill level 2 in Unarmed Combat
   241 | D:3      | Found a hide-covered altar of Uskayaw.
   282 | D:3      | Became a worshipper of Uskayaw the Reveler
   304 | D:3      | Reached * piety under Uskayaw
   306 | D:3      | Reached skill level 3 in Unarmed Combat
   306 | D:3      | Reached XP level 3. HP: 32/32 MP: 3/3
   408 | D:4      | Reached ** piety under Uskayaw
   410 | D:4      | Reached XP level 4. HP: 35/40 MP: 4/4
   537 | D:4      | Reached skill level 4 in Unarmed Combat
   555 | D:4      | HP: 2/40 [orc priest/nerve-wracking pain (12)]
   603 | D:4      | Found a shattered altar of Ashenzari.
   675 | D:4      | Reached XP level 5. HP: 46/46 MP: 5/5
   739 | D:5      | Entered Level 5 of the Dungeon
   759 | D:5      | Reached skill level 5 in Unarmed Combat
   767 | D:5      | Found a glowing silver altar of Zin.
   848 | D:6      | Noticed Duvessa
   848 | D:6      | Noticed Dowan
   859 | D:6      | Reached *** piety under Uskayaw
   860 | D:6      | Killed Duvessa
   860 | D:6      | Reached skill level 6 in Unarmed Combat
   860 | D:6      | Reached XP level 6. HP: 30/54 MP: 6/6
   865 | D:6      | Reached **** piety under Uskayaw
   866 | D:6      | Killed Dowan
   939 | D:6      | Reached skill level 7 in Unarmed Combat
   957 | D:6      | Noticed an ice beast
   983 | D:6      | Killed an ice beast
   983 | D:6      | Reached XP level 7. HP: 39/61 MP: 7/7
  1030 | D:6      | Found a shadowy altar of Dithmenos.
  1057 | D:6      | Found a stormy altar of Qazlal.
  1094 | D:7      | Reached skill level 8 in Unarmed Combat
  1188 | D:7      | Noticed a hungry ghost
  1195 | D:7      | Reached skill level 9 in Unarmed Combat
  1209 | D:7      | Reached XP level 8. HP: 68/68 MP: 8/8
  1311 | D:8      | Found a bloodstained altar of Trog.
  1333 | D:8      | Reached skill level 10 in Unarmed Combat
  1548 | D:8      | Noticed Erica
  1611 | D:9      | Found Qujip's Book Emporium.
  1618 | D:9      | :(
  1667 | D:9      | Reached ***** piety under Uskayaw
  1672 | D:9      | Reached skill level 11 in Unarmed Combat
  1687 | D:9      | Noticed a troll
  1692 | D:9      | Killed a troll
  1793 | D:9      | Reached XP level 9. HP: 75/75 MP: 9/9
  1862 | D:9      | Found a flagged portal.
  1913 | D:9      | Noticed Joseph
  1935 | D:9      | Killed Joseph
  1935 | D:9      | Reached skill level 12 in Unarmed Combat
  1963 | D:9      | Slain by an orc

Vault maps used:
D:1:      lemuel_arrival_lava_pool, minmay_gold_behind_fungi,
          hangedman_abyss_or_decor_stabs
D:2:      first_bread, minmay_misc_feat_doors, ashenzari_altar_1, uniq_terence
D:3:      lemuel_zombie_altar_kikubaaqudgha, eat_drink_and_be_merry_uskayaw,
          uniq_sigmund
D:4:      lemuel_doored_altar, minivault_5
D:5:      zin_academy, bloody_makhleb, serial_shops, kennysheep_mini_moat,
          grunt_ministairs_8
D:6:      nicolae_qazlal_eye_of_the_storm, kennysheep_little_box,
          overflow_temple_1_default, vehumet_altar_wand_db, uniq_duvessa,
          uniq_pikel
D:7:      lemuel_crystal_altar, dk_rats_in_the_wall
D:8:      lightli_temple_of_fire, uniq_erica
D:9:      kennysheep_mini, nicolae_ru_awakened_eye, tso_metal_star, erik_orc_1,
          enter_bailey_8, serial_shops, shop, hangedman_fish_farm,
          corexii_hall_statues_l, kennysheep_generic_room_6, uniq_joseph

Skill      XL: |  1  2  3  4  5  6  7  8  9 |
---------------+----------------------------+-----
Unarmed Combat | 1 3 4 6 7 9 11 12 | 12.1
Fighting       | |  0.7
Short Blades   | |  0.7
Dodging        | |  1.5
Stealth        | |  0.4
Evocations     | |  2.1

Action                   |  1- 3 |  4- 6 |  7- 9 || total
-------------------------+-------+-------+-------++-------
Melee: Unarmed           |    63 |    87 |   154 ||   304
       Short sword       |     4 |       |       ||     4
       Punch             |     1 |     1 |     9 ||    11
Throw: Throwing net      |       |     1 |       ||     1
       Javelin           |       |       |    11 ||    11
Invok: Line Pass         |       |       |     1 ||     1
Evoke: Wand              |       |     3 |    11 ||    14
  Use: Potion            |       |     1 |     3 ||     4
       Scroll            |       |       |     5 ||     5
 Stab: Sleeping          |     1 |       |       ||     1
       Paralysed         |       |     1 |     5 ||     6
       Held in net/web   |       |     1 |       ||     1
       Betrayed ally     |       |     1 |       ||     1
  Eat: Chunk             |     7 |     7 |    14 ||    28
       Pizza             |       |       |     1 ||     1
Armor: Robe              |    31 |    17 |    48 ||    96
Dodge: Dodged            |    25 |    36 |    77 ||   138
